 Dungeon Crawl Stone Soup version 0.31.0-11-ge490571c62 (webtiles) character file.

Game seed: 4394501402245991544

29 qw the Shooter (level 3, 0/17 (20) HPs)
             Began as a Deep Elf Hunter on Feb 4, 2024.
             Slain by a goblin
             ... wielding a +0 club
             ... led by Robin
              (1 damage)
             ... on level 2 of the Dungeon.
             The game lasted 00:00:02 (543 turns).

qw the Shooter (Deep Elf Hunter)                     Turns: 543, Time: 00:00:03

HP:   0/17 (20)     AC:  8    Str: 10    XL:     3   Next: 1%
MP:   5/5           EV: 11    Int: 13    God:
Gold: 52            SH:  0    Dex: 18    Spells: 2/2 levels left

rFire   . . .        a - +0 shortbow
rCold   . . .        (shield currently unavailable)
rNeg    . . .        i - +3 ring mail
rPois   .            (no helmet)
rElec   .            (no cloak)
rCorr   .            (no gloves)
SInv    +            (no boots)
Will    .....        (no amulet)
Stlth   +            g - ring of see invisible
HPRegen 0.22/turn    (no ring)
MPRegen 0.09/turn

%: no passive effects
@: heavily drained
A: no striking features
a: no special abilities


You were on level 2 of the Dungeon.
You visited 1 branch of the dungeon, and saw 2 of its levels.

You collected 52 gold pieces.


   Skills:
 - Level 1.5 Fighting
 + Level 6.6 Ranged Weapons
 - Level 2.4 Dodging
 - Level 1.2 Stealth


You had 2 spell levels left.
You didn't know any spells.
Your spell library was empty.

Inventory:

Hand Weapons
 a - a +0 shortbow (weapon)
Armour
 i - a +3 ring mail (worn)
Jewellery
 g - a ring of see invisible (left hand)
Scrolls
 b - a scroll of summoning {unknown}
Potions
 e - a potion of magic {unknown}
 f - a potion of heal wounds {unknown}
 h - a potion of lignification {unknown}

Dungeon Overview and Level Annotations

Branches:
Dungeon (2/15)

Altars:

Annotations:
D:2 Robin


Message History

The goblin is heavily wounded.
The hobgoblin hits you.
You shoot an arrow. The arrow barely misses the hobgoblin.
The arrow closely misses the goblin.
The hobgoblin closely misses you.
You shoot an arrow. The arrow hits the hobgoblin.
The hobgoblin is almost dead.
The hobgoblin hits you but does no damage.
The hobgoblin hits you.
You shoot an arrow. The arrow closely misses the hobgoblin.
The arrow closely misses the goblin.
The arrow barely misses the goblin.
The hobgoblin hits you.
You shoot an arrow. The goblin shouts!
The arrow hits the hobgoblin.
You kill the hobgoblin!
You shoot an arrow. The arrow closely misses the goblin.
The arrow barely misses the rat.
The arrow hits the goblin.
The goblin is severely wounded.
The goblin hits you with a +1 dagger of draining.
You feel drained.
You shoot an arrow. The arrow barely misses the goblin.
The arrow hits the rat!
You kill the rat!
The goblin hits you but does no damage.
You feel drained.
Robin of the Strong Arm comes into view.
They are wielding a +0 whip.
The goblin barely misses you.
You shoot an arrow. The arrow hits the goblin.
You kill the goblin!
The hobgoblin hits you.
A hobgoblin comes into view.
You have reached level 3!
Your experience leads to an increase in your attributes!
Increase (S)trength, (I)ntelligence, or (D)exterity?
You feel stronger. x2
You shoot an arrow. The hobgoblin shouts!
The arrow hits the hobgoblin.
The hobgoblin is heavily wounded.
Robin throws the goblin at you! The goblin hits you with a +0 club.
You die...

### #<# #.#
#.#############
#.............#
###############g#
.........######@#
..............#g####
............g.ggg..#
...................#
..........g........#
.........))....g...#
...................#
.........###...g...#
...#.....% ........#


You could see Robin, 3 hobgoblins and 3 goblins.

Vanquished Creatures
  2 dart slugs (D:1)
  3 bats (D:1)
  3 endoplasms (D:1)
  5 goblins
  3 hobgoblins
  A quokka (D:1)
  A ball python (D:1)
  A frilled lizard (D:1)
  A kobold (D:1)
  2 rats
22 creatures vanquished.

Notes
Turn   | Place    | Note
-------+----------+-------------------------------------------
     0 | D:1      | qw the Deep Elf Hunter began the quest for the Orb.
     0 | D:1      | Reached XP level 1. HP: 12/12 MP: 3/3
     0 | D:1      | 0 ||| qw: Version: 0.3-a-160-g6735b56
     0 | D:1      | 0 ||| qw: Game counter: 5625
     0 | D:1      | 0 ||| qw: Melee chars always use a shield: true
     0 | D:1      | 0 ||| qw: God list: Okawaru
     0 | D:1      | 0 ||| qw: Allow faded altars: false
     0 | D:1      | 0 ||| qw: Do Orc after clearing Dungeon:15 true
     0 | D:1      | 0 ||| qw: Do second Lair branch before Depths: true
     0 | D:1      | 0 ||| qw: Lair rune preference: random
     0 | D:1      | 0 ||| qw: Goals: Normal
     0 | D:1      | 0 ||| PLANNING D:1-11
   144 | D:1      | Found a faded altar of an unknown god.
   166 | D:1      | Reached XP level 2. HP: 16/16 MP: 4/4
   175 | D:1      | Reached skill level 6 in Ranged Weapons
   448 | D:1      | 448 ||| UPGRADING to +0 ring mail.
   458 | D:1      | 458 ||| DROPPING +0 leather armour.
   459 | D:1      | 459 ||| UPGRADING to ring of see invisible.
   460 | D:1      | 460 ||| READING 3 scrolls labelled RISACI WIREINY.
   460 | D:1      | 460 ||| ENCHANTING +0 ring mail.
   461 | D:1      | 461 ||| READING 2 scrolls of enchant armour.
   461 | D:1      | 461 ||| ENCHANTING +1 ring mail.
   462 | D:1      | 462 ||| READING scroll of enchant armour.
   462 | D:1      | 462 ||| ENCHANTING +2 ring mail.
   463 | D:1      | 463 ||| READING scroll labelled QESIPU AVIKH.
   464 | D:1      | 464 ||| DROPPING scroll of butterflies.
   516 | D:2      | 516 ||| RETREEEEATING.
   519 | D:2      | 519 ||| RETREEEEATING.
   525 | D:2      | 525 ||| RETREEEEATING.
   527 | D:2      | 527 ||| RETREEEEATING.
   528 | D:2      | 528 ||| RETREEEEATING.
   529 | D:2      | 529 ||| RETREEEEATING.
   530 | D:2      | 530 ||| RETREEEEATING.
   531 | D:2      | 531 ||| RETREEEEATING.
   532 | D:2      | 532 ||| RETREEEEATING.
   541 | D:2      | Noticed Robin
   542 | D:2      | HP: 1/13 [hobgoblin[Robin] (4)]
   543 | D:2      | Reached XP level 3. HP: 2/17 MP: 5/5
   543 | D:2      | Slain by a goblin

Levels and vault maps discovered:
D:1:      ncdulo_halloftheorcs, layout_rooms, chequers_ecumenical_altar_grove
D:2:      layout_basic, uniq_robin

Skill      XL: |  1  2 |
---------------+-------+-----
Ranged Weapons | 6 |  6.6
Fighting       | |  1.5
Dodging        | |  2.4
Stealth        | |  1.2

Action                     || total
---------------------------++-------
   Fire: Shortbow          ||    65
    Use: Scroll            ||     4
 Armour: Leather armour    ||     6
         Ring mail         ||    13
  Dodge: Dodged            ||    23

Table legend:
 A = Non-vault XP
 B = Vault XP
 C = Vault XP percentage of total XP
 D = Non-vault monster count
 E = Vault monster count
 F = Vault count percentage of total count
                 A         B        C        D         E       F
            +---------+---------+-------+---------+---------+-------
      Total |      33 |       9 |  21.4 |      17 |       5 |  22.7
            +---------+---------+-------+---------+---------+-------
        D:1 |      32 |       0 |   0.0 |      16 |       0 |   0.0
        D:2 |       1 |       9 |  90.0 |       1 |       5 |  83.3
            +---------+---------+-------+---------+---------+-------
